 Dungeon Crawl Stone Soup version 0.30-a0-782-ge64f9170bb (webtiles) character file.

Game seed: 12583222572644346765

98 theswoord the Twirler (level 4, -4/33 HPs)
             Began as a Demonspawn Gladiator on Feb 19, 2023.
             Splashed by a jelly's acid (7 damage)
             ... on level 3 of the Dungeon.
             The game lasted 00:02:28 (2779 turns).

theswoord the Twirler (Demonspawn Gladiator)        Turns: 2779, Time: 00:02:28

Health: -4/33      AC:  3    Str: 16    XL:     4   Next: 44%
Magic:  4/4        EV:  5    Int: 10    God:
Gold:   91         SH:  0    Dex: 14    Spells: 3/3 levels left

rFire   . . .      SeeInvis .    a - +1 quarterstaff
rCold   . . .      Faith    .    (shield currently unavailable)
rNeg    . . .      Spirit   .    h - +0 plate armour
rPois   .          Reflect  .    (helmet restricted)
rElec   .          Harm     .    g - +0 cloak
rCorr   .          Rampage  .    (no gloves)
Will    .....                    (no boots) Stlth
                                 (no amulet)
HPRegen 0.25/turn                (no ring)
MPRegen 0.09/turn                (no ring)

@: corroded
A: antennae 2, demonic guardian 1
a: no special abilities


You were on level 3 of the Dungeon.
You visited 1 branch of the dungeon, and saw 3 of its levels.

You collected 91 gold pieces.

Inventory:

Hand Weapons
 a - a +1 quarterstaff (weapon)
Missiles
 d - 3 throwing nets (quivered)
 e - a javelin
Armour
 b - a +0 leather armour
 c - a +0 helmet
 g - a +0 cloak (worn)
 h - a +0 plate armour (worn)
 i - a +2 pair of gloves of dexterity
Wands
 k - a wand of quicksilver (9)
Scrolls
 m - 2 scrolls of identify
Potions
 f - a potion of heal wounds
 j - a potion of haste {unknown}
 l - a potion of curing {unknown}
 n - a potion of mutation {unknown}


   Skills:
 - Level 2.0 Fighting
 + Level 4.8 Staves
 - Level 1.7 Throwing
 - Level 2.6 Dodging


You had 3 spell levels left.
You didn't know any spells.
Your spell library contained the following spells:

 Spells                   Type           Power      Damage    Failure   Level
 Summon Small Mammal      Summ           0%         N/A       100%        1
 Call Canine Familiar     Summ           0%         N/A       100%        3
 Summon Guardian Golem    Hex/Summ       0%         N/A       100%        3


Dungeon Overview and Level Annotations

Branches:
Dungeon (3/15)

Altars:


Innate Abilities, Weirdness & Mutations

You have a pair of antennae on your head.
A weak demonic guardian rushes to your aid.


Message History

The ball python constricts you.
You barely miss the ball python.
Your ufetubus barely misses the ball python.
Your ufetubus hits the ball python.
The ball python dies!
No target in view!
No target in view!
No target in view!
No target in view!
No target in view!
Your ufetubus disappears in a puff of smoke!
You see here a ball python corpse.
A hobgoblin and a jelly come into view.
The jelly quivers.
There are monsters nearby!
There are monsters nearby!
The jelly closely misses you.
You hit the jelly.
Your hands burn!
The jelly hits you but does no damage.
You hit the jelly. The acid corrodes you!
Your hands burn!
The jelly hits you but does no damage. x2
You hit the jelly.
Your hands burn!
The hobgoblin hits you but does no damage.
The jelly hits you.
You are splashed with acid!
* * * LOW HITPOINT WARNING * * *
You barely miss the jelly. The hobgoblin barely misses you.
The jelly barely misses you.
You hit the jelly but do no damage. The acid corrodes you!
Your hands burn!
* * * LOW HITPOINT WARNING * * *
The hobgoblin completely misses you. The jelly barely misses you.
You hit the jelly but do no damage.
Your hands burn!
* * * LOW HITPOINT WARNING * * *
The hobgoblin barely misses you. The jelly barely misses you.
You hit the jelly but do no damage.
Your hands burn!
* * * LOW HITPOINT WARNING * * *
A demonic guardian appears!
The hobgoblin hits you but does no damage.
The jelly hits you.
* * * LOW HITPOINT WARNING * * *
You are splashed with acid!
You die...

#...#######
##...######
#...##..##
###....##.## # ###
.#.....#.... #.#..
..#...._#.### #.#$#
...#.....###
#.#J##.# #.....#
#..@g..# #....##
##..5### #....#
#....# #...####
#..†.# ##...#..##
####.# #...##...##
##..###...#.....##
##...##..†.#......#
#....##...........+
##...#............#


You could see a jelly, a hobgoblin (ally target) and a friendly shadow imp
(summoned).

Vanquished Creatures
  2 adders (D:3)
  A dart slug (D:3)
  An orc (D:3)
  8 ball pythons
  7 bats
  7 endoplasms
  4 giant cockroaches
  4 goblins
  8 hobgoblins
  5 kobolds
  3 quokkas
  6 frilled lizards
  5 rats
61 creatures vanquished.

Vanquished Creatures (collateral kills)
  A worm (D:3)
  A ball python (D:3)
  2 endoplasms
4 creatures vanquished.

Vanquished Creatures (others)
  4 plants (D:1)
4 creatures vanquished.

Grand Total: 69 creatures vanquished

Notes
Turn   | Place    | Note
-------+----------+-------------------------------------------
     0 | D:1      | theswoord the Demonspawn Gladiator began the quest for the
                  | Orb.
     0 | D:1      | Reached XP level 1. HP: 16/16 MP: 1/1
    27 | D:1      | Reached skill level 3 in Staves
    94 | D:1      | Gained mutation: A weak demonic guardian rushes to your
                  | aid. [demonic ancestry]
    94 | D:1      | Reached XP level 2. HP: 22/22 MP: 2/2
   560 | D:1      | Gained mutation: You have a pair of small antennae on your
                  | head. [demonic ancestry]
   560 | D:1      | Reached XP level 3. HP: 25/27 MP: 3/3
  1162 | D:2      | Reached skill level 4 in Staves
  1989 | D:3      | Gained mutation: You have a pair of antennae on your head.
                  | [demonic ancestry]
  1989 | D:3      | Reached XP level 4. HP: 33/33 MP: 4/4
  2669 | D:3      | Found a faded altar of an unknown god.
  2779 | D:3      | Splashed by a jelly's acid

Skill      XL: |  1  2  3 |
---------------+----------+-----
Staves         | 3 4 |  4.8
Fighting       | |  2.0
Throwing       | |  1.7
Dodging        | |  2.6

Action                     |  1- 3 |  4- 6 || total
---------------------------+-------+-------++-------
  Melee: Quarterstaff      |   152 |    41 ||   193
    Use: Scroll            |     2 |       ||     2
 Armour: Leather armour    |    22 |       ||    22
         Plate armour      |    47 |    23 ||    70
  Dodge: Dodged            |    63 |    12 ||    75

Levels and vault maps discovered:
D:1:      dpeg_arrival_windows_large_door, layout_basic, serial_bayou,
          serial_bayou_crossing, serial_bayou_lagoon_a, serial_bayou_pond_b,
          serial_bayou_shore_b, serial_bayou_shore_b
D:2:      layout_loops_ring, chequers_serial_rivers_micro_b
D:3:      layout_loops_corners, hellmonk_ecumenical_altar_zigzags,
          chequers_serial_rivers_large_b, hangedman_decor_lopped,
          minmay_misc_feat_roman
